 Dungeon Crawl Stone Soup version 0.31-a0-263-ge8cad7f256 (webtiles) character file.

Game seed: 8021644913873277434

1276 cforsyth the Changeling (level 8, -3/74 HPs)
             Began as an Ogre Shapeshifter on July 13, 2023.
             Was an Initiate of Hepliaklqana.
             Slain by a water moccasin (8 damage)
             ... on level 6 of the Dungeon.
             The game lasted 00:08:21 (6943 turns).

cforsyth the Changeling (Ogre Shapeshifter)         Turns: 6943, Time: 00:08:22

Health: -3/74      AC:  3    Str: 22    XL:     8   Next: 54%
Magic:  8/8        EV:  9    Int:  9    God:    Hepliaklqana [......]
Gold:   235        SH:  0    Dex:  9    Spells: 7/7 levels left

rFire   . .          .
                       - Unarmed
rCold   . . .        (no shield)
rNeg    + . .        a - +0 animal skin
rPois   .            (helmet currently unavailable)
rElec   .            (cloak currently unavailable)
rCorr   .            (gloves unavailable)
SInv    .            (boots unavailable)
Will    +....        n - amulet of the acrobat
Stlth   +            s - ring of willpower
HPRegen 0.32/turn    p - ring of positive energy
MPRegen 0.11/turn

%: acrobat
@: lethally poisoned (-3 -> -10), beast-form
A: beast (slay +4), large, unfitting armour, tough skin 1
a: Begin Untransformation, Renounce Religion


You were on level 6 of the Dungeon.
You worshipped Hepliaklqana.
Hepliaklqana was noncommittal.
You were a hulking beast.
You visited 2 branches of the dungeon, and saw 7 of its levels.

You collected 235 gold pieces.

Inventory:

Missiles
 u - 2 throwing nets
Armour
 a - a +0 animal skin (worn)
Jewellery
 f - a ring of magical power
 n - an amulet of the acrobat (around neck)
 p - a ring of positive energy (right hand)
 s - a ring of willpower (left hand)
Talismans
 c - a beast talisman
Scrolls
 d - 3 scrolls of teleportation {unknown}
 k - a scroll of blinking {unknown}
 l - 2 scrolls of revelation {unknown}
 m - 5 scrolls of identify {unknown}
 o - a scroll of brand weapon {unknown}
 r - a scroll of fear {unknown}
 t - a scroll of enchant weapon {unknown}
 v - a scroll of immolation {unknown}
 x - a scroll of enchant armour {unknown}
Potions
 b - a potion of lignification
 e - 4 potions of curing {unknown}
 g - 2 potions of brilliance {unknown}
 h - a potion of ambrosia {unknown}
 i - a potion of degeneration {unknown}
 j - a potion of attraction {unknown}
 q - a potion of heal wounds {unknown}
 w - a potion of magic {unknown}


   Skills:
 - Level 2.6 Fighting
 - Level 1.7 Dodging
 + Level 6.7 Unarmed Combat
 + Level 6.7 Shapeshifting


You had 7 spell levels left.
You didn't know any spells.
Your spell library contained the following spells:

 Spells                   Type           Power      Damage    Failure   Level
 Static Discharge         Conj/Air       0%         2-2/arc   52%         2
 Airstrike                Air            0%         2d(0-16)  99%         4
 Summon Lightning Spire   Summ/Air       0%         N/A       99%         4


Dungeon Overview and Level Annotations

Branches:
Dungeon (6/15)             Temple (1/1) D:5

Altars:
Cheibriados
Dithmenos
Elyvilon
Fedhas
Hepliaklqana
Kikubaaqudgha
Makhleb
Nemelex Xobeh
Okawaru
Ru
Sif Muna
Trog
Vehumet
Wu Jian
Yredelemnul
Zin
The Shining One

Annotations:
D:2 1 runed translucent door, Crazy Yiuf


Innate Abilities, Weirdness & Mutations

You are a hulking beast.
Your limbs bulge with bestial killing power. (Slay +4)
You are too large for most types of armour.
You have tough skin. (AC +1)


Message History

The water moccasin is heavily wounded.
You feel sick. The water moccasin bites you.
You miss the water moccasin.
The water moccasin is heavily wounded.
You feel sick. The water moccasin barely misses you.
The water moccasin bites you.
You hit the water moccasin.
The water moccasin is severely wounded.
You feel sick. The water moccasin bites you!
You are more poisoned.
The water moccasin poisons you!
You are too injured to fight recklessly!
You are too injured to fight recklessly!
You are too injured to fight recklessly!
You are too injured to fight recklessly!
You are too injured to fight recklessly!
You are too injured to fight recklessly!
You are too injured to fight recklessly!
You are too injured to fight recklessly!
You closely miss the water moccasin.
The water moccasin is severely wounded.
You feel very sick. The water moccasin bites you!
You barely miss the water moccasin.
The water moccasin is severely wounded.
You feel very sick. The water moccasin bites you.
* * * LOW HITPOINT WARNING * * *
You closely miss the water moccasin.
The water moccasin is severely wounded.
You feel sick. The water moccasin bites you!
* * * LOW HITPOINT WARNING * * *
The water moccasin bites you.
* * * LOW HITPOINT WARNING * * *
You barely miss the water moccasin.
The water moccasin is severely wounded.
* * * LOW HITPOINT WARNING * * *
You feel very sick. The water moccasin bites you!
You die...

#### ...
###.#### #.#
#.......
#.######...#
#.##...'hS.+
#.##.###...#
#.##.# ........
#.##.#.#.###.#.#
#.##.#.... #
#.##.###.#
#......#.<
#..#.#.###
#..#...#


You could see a water moccasin.

Vanquished Creatures
  An ice beast (D:5)
  2 ogres (D:5)
  A centaur (D:6)
  A phantom (D:5)
  2 bullfrogs (D:5)
  A scorpion (D:3)
  2 hounds (D:5)
  A jelly (D:5)
  A gnoll bouda (D:3)
  An orc priest (D:3)
  A sleepcap (D:6)
  Jessica (D:2)
  6 iguanas
  3 orc wizards
  Terence (D:3)
  12 gnolls
  3 adders
  A white imp (D:5)
  A worm (D:4)
  3 dart slugs
  7 orcs
  3 bats (D:2)
  5 endoplasms
  3 giant cockroaches
  5 goblins
  6 hobgoblins
  4 jackals
  7 kobolds
  A quokka (D:2)
  8 ball pythons
  4 frilled lizards
  9 rats
107 creatures vanquished.

Notes
Turn   | Place    | Note
-------+----------+-------------------------------------------
     0 | D:1      | cforsyth the Ogre Shapeshifter began the quest for the Orb.
     0 | D:1      | Reached XP level 1. HP: 22/22 MP: 1/1
   104 | D:1      | Reached XP level 2. HP: 27/29 MP: 2/2
   289 | D:1      | Found a faded altar of an unknown god.
   638 | D:1      | Reached XP level 3. HP: 34/36 MP: 3/3
   957 | D:2      | Noticed Jessica
   966 | D:2      | Killed Jessica
   967 | D:2      | Reached XP level 4. HP: 15/44 MP: 4/4
  1306 | D:2      | Found a runed translucent door.
  1306 | D:2      | Found the +6 shillelagh "Devastator" {shatter}
  1307 | D:2      | Noticed Crazy Yiuf
  1897 | D:2      | Reached XP level 5. HP: 39/50 MP: 5/5
  2551 | D:3      | Noticed Terence
  2568 | D:3      | Killed Terence
  3202 | D:3      | Reached XP level 6. HP: 23/59 MP: 6/6
  4147 | D:3      | Reached skill level 5 in Shapeshifting
  4595 | D:3      | Reached XP level 7. HP: 43/66 MP: 7/7
  4786 | D:5      | Entered Level 5 of the Dungeon
  4838 | D:5      | Found a staircase to the Ecumenical Temple.
  4846 | D:5      | Reached skill level 5 in Unarmed Combat
  4850 | Temple   | Entered the Ecumenical Temple
  4925 | Temple   | Became a worshipper of Hepliaklqana the Forgotten
  5886 | D:5      | Found a shimmering blue altar of Sif Muna.
  6089 | D:5      | Reached XP level 8. HP: 65/74 MP: 8/8
  6198 | D:5      | Identified the +9 scale mail "Weon" {rPois MP+9 Dex+3}
  6943 | D:6      | Slain by a water moccasin

Illustrated notes

Levels and vault maps discovered:
D:1:      eino_arrival_druids_welcome, layout_loops_ring,
          chequers_ecumenical_altar_twisty, nrook_mini_backslash
D:2:      layout_basic, uniq_crazy_yiuf_cottage, uniq_jessica
D:3:      kennysheep_big_flooded_room, layout_basic, uniq_terence
D:4:      layout_basic
D:5:      minmay_chambers_of_threes, layout_loops_ring,
          mainiacjoe_overflow_brackets, temple_fountains, minmay_crystal_room,
          grunt_ministairs_10
D:6:      layout_basic, nicolae_qazlal_general_emergency,
          minmay_misc_feat_square, uniq_duvessa
Temple:   dpeg_three_leaves_temple

Skill      XL: |  1  2  3  4  5  6  7  8 |
---------------+-------------------------+-----
Unarmed Combat | 2 3 4 5 6 |  6.7
Shapeshifting  | 4 5 6 |  6.7
Fighting       | |  2.6
Dodging        | |  1.7

Action                     |  1- 3 |  4- 6 |  7- 9 || total
---------------------------+-------+-------+-------++-------
  Melee: Unarmed           |    86 |   201 |   136 ||   423
         Punch             |       |     5 |     4 ||     9
    Use: Potion            |       |     1 |       ||     1
 Armour: Animal skin       |    17 |    36 |    17 ||    70
         Skin              |       |     5 |       ||     5
  Dodge: Dodged            |    36 |    98 |    60 ||   194

Table legend: (Time is in decaauts)
 A = Elapsed time spent in this place.
 B = Non-inter-level travel time spent in this place.
 C = Inter-level travel time spent in this place.
 D = Time resting spent in this place.
 E = Time spent auto-exploring this place.
 F = Levels seen in this place.
 G = Mean time per level.
                   A        B        C        D        E       F      G
               +--------+--------+--------+--------+--------+-----+--------+
         Total |   6918 |   6751 |    167 |   1080 |   4462 |   7 |  988.3 |
       Dungeon |   6833 |   6676 |    157 |   1080 |   4402 |   6 | 1138.8 |
        Temple |     85 |     75 |     10 |      0 |     60 |   1 |   85.0 |
               +--------+--------+--------+--------+--------+-----+--------+

Top non-repeatable levels by time:
     D:3: 1968 daAuts
     D:5: 1880 daAuts
     D:4: 1104 daAuts
     D:2: 1023 daAuts
     D:1: 708 daAuts
     D:6: 146 daAuts
  Temple: 85 daAuts
